 Dungeon Crawl Stone Soup version 0.28-a0-46-g7b1be97da7 (webtiles) character file.

Game seed: 2058441551439503422

306 Spaninq the Insei (level 6, -2/47 HPs)
             Began as a Gnoll Transmuter on July 29, 2021.
             Slain by a gnoll (4 damage)
             ... on level 4 of the Dungeon.
             The game lasted 00:09:11 (4246 turns).

Spaninq the Insei (Gnoll Transmuter)                Turns: 4246, Time: 00:09:12

Health: -2/47      AC:  2    Str: 11    XL:     6   Next: 39%
Magic:  13/14      EV: 13    Int: 13    God:
Gold:   210        SH:  0    Dex: 12    Spells: 12/15 levels left

rFire   . . .      SeeInvis .     - Unarmed
rCold   . . .      Faith    .   (no shield)
rNeg    . . .      Spirit   .   a - +0 robe
rPois   .          Reflect  .   (helmet currently unavailable)
rElec   .          Harm     .   (no cloak)
rCorr   .          Rampage  .   (no gloves)
Will    .....                   (boots currently unavailable)
Stlth   ++........              (no amulet)
HPRegen 0.15/turn               (no ring)
MPRegen 0.14/turn               (no ring)

@: appendages (expiring), wereblooded
A: horns 2, talons 2, fangs 1, strong nose, distributed training
a: End Transformation


You were on level 4 of the Dungeon.
You had temporarily grown beastly horns and talons.
You visited 1 branch of the dungeon, and saw 4 of its levels.

You collected 210 gold pieces.

Inventory:

Armour
 a - a +0 robe (worn)
 n - a +2 chain mail of cold resistance
Jewellery
 k - a +6 ring of dexterity
Wands
 l - a wand of flame (14)
Scrolls
 e - 2 scrolls of vulnerability {unknown}
 f - 3 scrolls of fog {unknown}
 m - a scroll of fear {unknown}
 o - a scroll of enchant armour {unknown}
 p - a scroll of enchant weapon {unknown}
Potions
 b - 6 potions of curing
 c - a potion of mutation {unknown}
 d - a potion of flight {unknown}
 g - a potion of ambrosia {unknown}
 h - 2 potions of might {unknown}
 i - 2 potions of cancellation {unknown}
 j - 3 potions of brilliance {unknown}


   Skills:
 + Level 3.2 Fighting
 + Level 2.0 Short Blades
 + Level 2.0 Long Blades
 + Level 2.0 Axes
 + Level 2.0 Maces & Flails
 + Level 2.0 Polearms
 + Level 2.0 Staves
 + Level 2.0 Slings
 + Level 2.0 Bows
 + Level 2.0 Crossbows
 + Level 2.0 Throwing
 + Level 2.0 Armour
 + Level 5.0 Dodging
 + Level 2.0 Stealth
 + Level 2.0 Shields
 + Level 6.8 Unarmed Combat
 + Level 5.3 Spellcasting
 + Level 1.5 Conjurations
 + Level 1.5 Hexes
 + Level 1.5 Summonings
 + Level 1.5 Necromancy
 + Level 1.5 Translocations
 + Level 4.1 Transmutations
 + Level 1.5 Fire Magic
 + Level 1.5 Ice Magic
 + Level 1.5 Air Magic
 + Level 1.5 Earth Magic
 + Level 1.5 Poison Magic
 + Level 2.1 Invocations
 + Level 2.0 Evocations


You had 12 spell levels left.
You knew the following spells:

 Your Spells              Type           Power      Damage    Failure   Level
a - Beastly Appendage     Tmut           28%        N/A       3%          1
b - Wereblood             Tmut           14%        N/A       4%          2

Your spell library contained the following spells:

 Spells                   Type           Power      Damage    Failure   Level
 Corona                   Hex            7%         N/A       10%         1
 Foxfire                  Conj/Fire      28%        2x1d5     10%         1
 Summon Small Mammal      Summ           28%        N/A       10%         1
 Spider Form              Tmut/Pois      5%         N/A       17%         3
 Call Canine Familiar     Summ           7%         N/A       28%         3
 Conjure Flame            Conj/Fire      7%         6-21      28%         3
 Inner Flame              Hex/Fire       7%         N/A       28%         3
 Portal Projectile        Hex/Tloc       14%        N/A       28%         3
 Summon Guardian Golem    Hex/Summ       7%         N/A       28%         3
 Ice Form                 Ice/Tmut       10%        N/A       50%         4
 Leda's Liquefaction      Hex/Erth       3%         N/A       67%         4
 Yara's Violent Unravell  Hex/Tmut       5%         3d4       83%         5
 Fireball                 Conj/Fire      3%         3d4       95%         5
 Borgnjor's Revivificati  Necr           3%         N/A       100%        8
 Necromutation            Tmut/Necr      5%         N/A       100%        8
 Death's Door             Necr           3%         N/A       100%        9


Dungeon Overview and Level Annotations

Branches:
Dungeon (4/15)
 Temple: D:4-7

Altars:
Fedhas
Trog

Shops:
D:1 =


Innate Abilities, Weirdness & Mutations

You have temporarily grown beastly horns and talons.
You have very sharp teeth.
Your uncanny sense of smell can sniff out nearby items.
Your experience applies equally to all skills.


Message History

The gnoll hits you from afar with a +0 spear.
The gnoll barely misses you.
You hit the gnoll. Your headbutt misses the gnoll.
The gnoll is heavily wounded.
The gnoll barely misses you. The gnoll closely misses you.
You hit the gnoll. You claw the gnoll.
You feel a bit better.
You kill the gnoll!
The gnoll barely misses you.
Your Short Blades skill increases to level 2!
Your Long Blades skill increases to level 2!
Your Axes skill increases to level 2!
Your Maces & Flails skill increases to level 2!
Your Polearms skill increases to level 2!
Your Staves skill increases to level 2!
Your Slings skill increases to level 2!
Your Bows skill increases to level 2!
Your Crossbows skill increases to level 2!
Your Throwing skill increases to level 2!
Your Armour skill increases to level 2!
Your Stealth skill increases to level 2!
Your Shields skill increases to level 2!
Your Evocations skill increases to level 2!
The gnoll closely misses you. The gnoll barely misses you.
The gnoll completely misses you.
You barely miss the gnoll. You claw the gnoll. Your bite misses the gnoll.
The gnoll is moderately wounded.
The gnoll hits you with a +0 spear.
The gnoll hits you from afar with a +0 spear.
You hit the gnoll.
The gnoll is heavily wounded.
The gnoll hits you with a +0 spear.
* * * LOW HITPOINT WARNING * * *
The gnoll hits you from afar with a +0 spear.
* * * LOW HITPOINT WARNING * * *
You hit the gnoll.
You headbutt the gnoll, but do no damage.
The gnoll is severely wounded.
The gnoll hits you with a +0 spear!
* * * LOW HITPOINT WARNING * * *
The gnoll hits you from afar with a +0 spear.
You die...

### #.#########
#.........#
#@#######.# #g#
####.# ##### #g#
#....# #...# #g#
#.#### ###
######...# #.####.#
#.. .....#...#
#.#....# #.#
####.#...#
..#....####### #.#
...#.#...#
#####....#...###.#
..[#.#...#
.....(.<#.#.......#


You could see 3 gnolls.

Vanquished Creatures
  A sky beast (D:4)
  A hound (D:2)
  A gnoll (D:4)
  6 adders
  2 adder skeletons (D:4)
  2 worms (D:2)
  A dart slug (D:2)
  5 orcs
  7 endoplasms
  3 giant cockroaches
  13 goblins
  15 hobgoblins
  8 jackals
  2 quokkas (D:2)
  4 ball pythons
  4 bats
  6 frilled lizards
  6 kobolds
  A quokka skeleton (D:4)
  4 rats
92 creatures vanquished.

Notes
Turn   | Place    | Note
-------+----------+-------------------------------------------
     0 | D:1      | Spaninq the Gnoll Transmuter began the quest for the Orb.
     0 | D:1      | Reached XP level 1. HP: 17/17 MP: 6/6
   241 | D:1      | Reached XP level 2. HP: 22/23 MP: 7/7
   340 | D:1      | Found Uzamoes's Jewellery Shop.
   929 | D:1      | Learned a level 2 spell: Wereblood
  1317 | D:2      | Reached skill level 1 in Short Blades
  1317 | D:2      | Reached skill level 1 in Long Blades
  1317 | D:2      | Reached skill level 1 in Axes
  1317 | D:2      | Reached skill level 1 in Maces & Flails
  1317 | D:2      | Reached skill level 1 in Polearms
  1317 | D:2      | Reached skill level 1 in Staves
  1317 | D:2      | Reached skill level 1 in Slings
  1317 | D:2      | Reached skill level 1 in Bows
  1317 | D:2      | Reached skill level 1 in Crossbows
  1317 | D:2      | Reached skill level 1 in Throwing
  1317 | D:2      | Reached skill level 1 in Armour
  1317 | D:2      | Reached skill level 1 in Stealth
  1317 | D:2      | Reached skill level 1 in Shields
  1317 | D:2      | Reached skill level 5 in Spellcasting
  1317 | D:2      | Reached skill level 1 in Invocations
  1317 | D:2      | Reached skill level 1 in Evocations
  1317 | D:2      | Reached XP level 3. HP: 18/28 MP: 6/9
  1431 | D:2      | Reached XP level 4. HP: 34/34 MP: 9/11
  1697 | D:2      | Reached skill level 1 in Conjurations
  1697 | D:2      | Reached skill level 1 in Hexes
  1697 | D:2      | Reached skill level 1 in Summonings
  1697 | D:2      | Reached skill level 1 in Necromancy
  1697 | D:2      | Reached skill level 1 in Translocations
  1697 | D:2      | Reached skill level 1 in Fire Magic
  1697 | D:2      | Reached skill level 1 in Ice Magic
  1697 | D:2      | Reached skill level 1 in Air Magic
  1697 | D:2      | Reached skill level 1 in Earth Magic
  1697 | D:2      | Reached skill level 1 in Poison Magic
  2214 | D:2      | Got the Compendium of Entrancing Fire
  2408 | D:2      | Reached XP level 5. HP: 21/40 MP: 10/12
  2864 | D:3      | Found a blossoming altar of Fedhas.
  3626 | D:4      | Noticed an ogre
  3682 | D:4      | Found a bloodstained altar of Trog.
  3967 | D:4      | Noticed a sky beast
  4006 | D:4      | Killed a sky beast
  4007 | D:4      | Reached skill level 5 in Dodging
  4007 | D:4      | Reached XP level 6. HP: 19/47 MP: 14/14
  4246 | D:4      | HP: 2/47 [gnoll (7)]
  4246 | D:4      | Slain by a gnoll

Illustrated notes

Levels and vault maps discovered:
D:1:      minmay_arrival_wavy_path, layout_rooms, serial_shops, shop,
          minmay_split_cup_small
D:2:      layout_basic, guppyfry_early_orc_mine
D:3:      cheibrodos_greedy_goblins, layout_basic, fedhas_altar_3,
          serial_curves, eino_curves_02, eino_curves_04, eino_curves_04,
          eino_curves_03
D:4:      layout_basic, mainiacjoe_overflow_24_doors, amcnicky_altar_gilded,
          kennysheep_opposing_triangles

Skill      XL: |  1  2  3  4  5  6 |
---------------+-------------------+-----
Short Blades   | 1 2 |  2.0
Long Blades    | 1 2 |  2.0
Axes           | 1 2 |  2.0
Maces & Flails | 1 2 |  2.0
Polearms       | 1 2 |  2.0
Staves         | 1 2 |  2.0
Slings         | 1 2 |  2.0
Bows           | 1 2 |  2.0
Crossbows      | 1 2 |  2.0
Throwing       | 1 2 |  2.0
Armour         | 1 2 |  2.0
Stealth        | 1 2 |  2.0
Shields        | 1 2 |  2.0
Spellcasting   | 5 |  5.3
Invocations    | 1 2 |  2.1
Evocations     | 1 2 |  2.0
Conjurations   | 1 |  1.5
Hexes          | 1 |  1.5
Summonings     | 1 |  1.5
Necromancy     | 1 |  1.5
Translocations | 1 |  1.5
Fire Magic     | 1 |  1.5
Ice Magic      | 1 |  1.5
Air Magic      | 1 |  1.5
Earth Magic    | 1 |  1.5
Poison Magic   | 1 |  1.5
Fighting       | 3 |  3.2
Transmutations | 4 |  4.1
Dodging        | 5 |  5.0
Unarmed Combat | |  6.8

Action                   |  1- 3 |  4- 6 || total
-------------------------+-------+-------++-------
Melee: Unarmed           |    60 |   193 ||   253
       Kick              |     5 |    36 ||    41
       Bite              |     3 |    14 ||    17
       Headbutt          |     1 |    19 ||    20
       Punch             |       |     1 ||     1
 Cast: Beastly Appendage |     5 |    25 ||    30
       Wereblood         |     1 |    18 ||    19
  Use: Potion            |       |     2 ||     2
       Scroll            |       |     1 ||     1
 Stab: Sleeping          |     2 |     3 ||     5
       Distracted        |       |     1 ||     1
Armor: Robe              |     7 |    24 ||    31
Dodge: Dodged            |    28 |   121 ||   149

Table legend: (Time is in decaauts)
 A = Elapsed time spent in this place.
 B = Non-inter-level travel time spent in this place.
 C = Inter-level travel time spent in this place.
 D = Time resting spent in this place.
 E = Time spent auto-exploring this place.
 F = Levels seen in this place.
 G = Mean time per level.
                   A        B        C        D        E       F      G
               +--------+--------+--------+--------+--------+-----+--------+
         Total |   4218 |   4081 |    137 |    310 |   2980 |   4 | 1054.5 |
       Dungeon |   4218 |   4081 |    137 |    310 |   2980 |   4 | 1054.5 |
               +--------+--------+--------+--------+--------+-----+--------+

Top non-repeatable levels by time:
     D:2: 1646 daAuts
     D:1: 1108 daAuts
     D:3: 863 daAuts
     D:4: 600 daAuts
